 Dungeon Crawl Stone Soup version 0.28.0-53-g5a82cb258f (webtiles) character file.

Game seed: 2916323857685240177

39 Zeld the Slasher (level 3, 0/29 HPs)
             Began as a Human Monk on May 22, 2022.
             Slain by an adder (4 damage)
             ... on level 2 of the Dungeon.
             The game lasted 00:00:52 (1608 turns).

Zeld the Slasher (Human Monk)                       Turns: 1608, Time: 00:00:53

Health: 0/29       AC:  2    Str: 13    XL:     3   Next: 67%
Magic:  3/3        EV: 13    Int: 10    God:
Gold:   17         SH:  0    Dex: 15    Spells: 2/2 levels left

rFire   . . .      SeeInvis .   a - +0 falchion
rCold   . . .      Faith    .   (no shield)
rNeg    . . .      Spirit   .   b - +0 robe
rPois   .          Reflect  .   (no helmet)
rElec   .          Harm     .   (no cloak)
rCorr   .          Rampage  .   (no gloves)
Will    .....                   (no boots)
Stlth   ++........              (no amulet)
HPRegen 0.09/turn               (no ring)
MPRegen 0.08/turn               (no ring)

@: lethally poisoned (0 -> -10)
A: no striking features
a: no special abilities


You were on level 2 of the Dungeon.
You visited 1 branch of the dungeon, and saw 2 of its levels.

You collected 17 gold pieces.

Inventory:

Hand Weapons
 a - a +0 falchion (weapon)
Armour
 b - a +0 robe (worn)
Scrolls
 c - a scroll of identify {unknown}
 e - 3 scrolls of enchant armour {unknown}
 g - a scroll of amnesia {unknown}
Potions
 d - 2 potions of curing {unknown}
 f - 2 potions of attraction {unknown}


   Skills:
 * Level 3.4 Fighting
 * Level 3.5 Long Blades
 + Level 1.0 Armour
 + Level 3.2 Dodging
 - Level 2.0 Stealth


You had 2 spell levels left.
You didn't know any spells.
Your spell library was empty.

Dungeon Overview and Level Annotations

Branches:
Dungeon (2/15)

Altars:


Message History

An adder comes into view.
The adder hisses angrily.
A kobold comes into view. It is wielding a +0 club.
Found 14 gold pieces.
The kobold shouts!
You hear an angry hiss.
You hear a shout!
You hear an angry hiss.
An adder comes into view.
There are monsters nearby!
You barely miss the kobold. The kobold hits you with a +0 club.
There are monsters nearby!
You hit the kobold.
The kobold is heavily wounded.
The kobold barely misses you.
You hit the kobold.
You kill the kobold!
A goblin comes into view. It is wielding a +0 dagger.
You hit the adder.
The adder is heavily wounded.
The adder closely misses you. The adder bites you.
You hit the adder.
The adder is almost dead.
The adder bites you.
You are poisoned.
The adder poisons you! The adder bites you. x2
You are more poisoned.
The adder poisons you! The adder closely misses you.
You barely miss the adder.
The adder is almost dead.
You feel very sick.
The adder closely misses you. x2; The adder bites you.
You are lethally poisoned!
The adder poisons you!
Unknown command.
You barely miss the adder.
The adder is almost dead.
You feel very sick. The adder bites you.
* * * LOW HITPOINT WARNING * * *
The adder bites you but does no damage. The adder bites you.
You die...

.# #.# ..# #
#.## #$## #..
.?#?.######
..#.##S#.......
......S@.#
..#.#.#..# #
#..# #.<#
#.....# +.....#
#.....# #.....#
#.....#


You could see 2 adders.

Vanquished Creatures
  A dart slug (D:1)
  4 ball pythons (D:1)
  An endoplasm (D:1)
  3 giant cockroaches (D:1)
  2 goblins (D:1)
  4 hobgoblins (D:1)
  2 jackals (D:1)
  3 kobolds
  3 quokkas (D:1)
  4 bats (D:1)
  2 frilled lizards (D:1)
  2 rats (D:1)
31 creatures vanquished.

Notes
Turn   | Place    | Note
-------+----------+-------------------------------------------
     0 | D:1      | Zeld the Human Monk began the quest for the Orb.
     0 | D:1      | Reached XP level 1. HP: 18/18 MP: 1/1
    62 | D:1      | Reached XP level 2. HP: 24/24 MP: 2/2
   608 | D:1      | Reached XP level 3. HP: 29/29 MP: 3/3
  1273 | D:1      | Found a faded altar of an unknown god.
  1359 | D:1      | Reached skill level 1 in Armour
  1608 | D:2      | Slain by an adder

Illustrated notes

Levels and vault maps discovered:
D:1:      sevenhm_arrival_forest_fort_small_5, layout_basic,
          shapermc_ecumenical_altar_totnotflames
D:2:      minmay_roachtagon, layout_basic, minmay_small_reverse_x

Skill      XL: |  1  2  3 |
---------------+----------+-----
Armour         | 1 |  1.0
Fighting       | |  3.4
Long Blades    | |  3.5
Dodging        | |  3.2
Stealth        | |  2.0

Action                   || total
-------------------------++-------
Melee: Falchion          ||    97
       Punch             ||     2
 Stab: Sleeping          ||    10
Armor: Robe              ||    21
Dodge: Dodged            ||    72
